[Event "Titled Tuesday Blitz May 10 Early 2022"]
[White "Sjugirov, Sanan"]
[Black "Dardha, Daniel"]
[WhiteFideId "4189302"]
[BlackFideId "240990"]
[WhiteElo "2602"]
[BlackElo "2482"]
[Result "1-0"]
[Round "07"]
[TimeControl "180+1"]
[Date "2022.05.10"]
[WhiteClock "0:00:09"]
[BlackClock "0:00:07"]

1. e4 c5 2. Nc3 Nc6 3. Nge2 g6 4. d4 cxd4 5. Nxd4 Bg7 6. Be3 Nf6 7. Bc4 Qa5 8. O-O O-O 9. Bb3 d6 10. f3 Bd7 11. Qd2 Nxd4 12. Bxd4 Bc6 13. Rad1 Nd7 14. Nd5 Bxd4+ 15. Qxd4 Bxd5 16. exd5 Qc5 17. Rfe1 Rfe8 18. Ba4 Rad8 19. Re3 Qxd4 20. Rxd4 a6 21. c4 Kf8 22. b4 b5 23. cxb5 Nb6 24. Bd1 axb5 25. Be2 Rc8 26. Bxb5 Rc1+ 27. Kf2 Ra8 28. Re2 Ra3 29. Bc6 Ra1 30. Rde4 R1xa2 31. Rxe7 Rxe2+ 32. Rxe2 Rb3 33. b5 h5 34. h4 Rd3 35. Re8+ Kg7 36. Rd8 Nc4 37. Rb8 Rd2+ 38. Kg3 Rb2 39. Rb7 Ne3 40. Be8 Rxg2+ 41. Kh3 Rb2 42. Rxf7+ Kh6 43. Rf6 Nxd5 44. Rxg6+ Kh7 45. Rg5 Nf6 46. Bxh5 d5 47. Bg6+ Kh6 48. Bd3 Rb3 49. Rg6+ Kh5 50. Rxf6 Rxd3 51. Kg3 Rb3 52. Rf5+ Kg6 53. Rxd5 Kh6 54. Rc5 Kg6 55. Rc6+ Kh5 56. Rc5+ Kg6 57. Kg4 Rb4+ 58. f4 Kf6 59. Rc6+ Ke7 60. b6 Kd7 61. Rg6 Rb5 62. h5 Ke7 63. h6 Rxb6 64. Rxb6 1-0


[Site "https://www.chess.com"]

[Event "Titled Tuesday Blitz May 10 Early 2022"]
[White "Skliarov, Viktor"]
[Black "Shuvalov, Evgenij"]
[WhiteFideId "14106736"]
[BlackFideId "4187237"]
[WhiteElo "2229"]
[BlackElo "2053"]
[Result "0-1"]
[Round "07"]
[TimeControl "180+1"]
[Date "2022.05.11"]
[WhiteClock "0:00:02"]
[BlackClock "0:00:05"]

1. e4 e6 2. d4 d5 3. e5 c5 4. c3 Nc6 5. Nf3 Bd7 6. a3 Qb6 7. b4 cxd4 8. cxd4 Rc8 9. Bb2 Nge7 10. Nc3 Na5 11. Na4 Qc6 12. Nc5 Nc4 13. Bc3 b6 14. Nxd7 Qxd7 15. Bd3 b5 16. O-O Nc6 17. Ng5 g6 18. h4 h6 19. Nh3 Be7 20. h5 g5 21. Qe2 a5 22. f4 Qa7 23. fxg5 hxg5 24. Qf2 Nd8 25. bxa5 Rxh5 26. Bb4 g4 27. Nf4 g3 28. Qxg3 Qxd4+ 29. Qf2 Qxf2+ 30. Rxf2 Rxe5 31. Bxe7 Kxe7 32. Rb1 Nxa3 33. Rb3 Rc1+ 34. Kh2 Nc4 35. Rxb5 Ra1 36. Bxc4 Re4 37. Bd3 Rea4 38. Nh3 Rxa5 39. Rxa5 Rxa5 40. Ng5 Ra3 41. Be2 e5 42. Bh5 f6 43. Nf3 d4 44. Re2 Kd6 45. Bg4 Nc6 46. Bf5 Ne7 47. Be4 f5 48. Bxf5 Nxf5 49. Rxe5 Rxf3 50. Ra5 Rf2 0-1


[Site "https://www.chess.com"]

[Event "Titled Tuesday Blitz May 10 Early 2022"]
[White "Srihari L R"]
[Black "Aaditya Dhingra"]
[WhiteFideId "46617116"]
[BlackFideId "25678191"]
[WhiteElo "2121"]
[BlackElo "1849"]
[Result "1-0"]
[Round "07"]
[TimeControl "180+1"]
[Date "2022.05.11"]
[WhiteClock "0:01:07"]
[BlackClock "0:00:10"]

1. Nf3 Nf6 2. g3 d5 3. Bg2 Bg4 4. O-O Nbd7 5. c4 c6 6. cxd5 cxd5 7. Nc3 e6 8. d3 a6 9. h3 Bxf3 10. Bxf3 Bd6 11. e4 d4 12. Ne2 e5 13. Bg2 O-O 14. f4 Rc8 15. f5 Qc7 16. g4 h6 17. Ng3 Qc2 18. Bf3 Qxd1 19. Bxd1 Nc5 20. Rf3 Nfd7 21. h4 Rc6 22. b4 Nxd3 23. Rxd3 Bxb4 24. g5 Nc5 25. Rf3 hxg5 26. hxg5 Be1 27. Ba3 Rfc8 28. Bxc5 Rxc5 29. g6 Rc1 30. gxf7+ Kf8 31. Rxc1 Rxc1 32. Bb3 Bxg3+ 33. Kg2 Bf4 34. Rh3 Bh6 35. f6 Rc3 36. Rh5 Rc5 37. Bd5 Rxd5 38. exd5 d3 39. Kf3 e4+ 40. Kxe4 d2 41. Rh1 gxf6 42. Kd3 Kxf7 43. Kc2 Bf4 44. Rh7+ Ke8 45. Rxb7 Kd8 46. Rb6 Bg5 47. Rxa6 Kd7 48. Rc6 f5 49. Rg6 Be3 50. a4 f4 51. Rf6 Ke7 52. Re6+ Kd7 53. a5 1-0


[Site "https://www.chess.com"]

[Event "Titled Tuesday Blitz May 10 Early 2022"]
[White "Stepanencu, Nicodim-Cosmin"]
[Black "Maksimenko, Viktor"]
[WhiteFideId "1256220"]
[BlackFideId "13710478"]
[WhiteElo "1945"]
[BlackElo "2269"]
[Result "0-1"]
[Round "07"]
[TimeControl "180+1"]
[Date "2022.05.11"]
[WhiteClock "0:00:02"]
[BlackClock "0:01:10"]

1. b3 d5 2. Bb2 Bg4 3. f3 Bh5 4. h4 Qd6 5. Nh3 f6 6. d4 Nc6 7. c4 O-O-O 8. cxd5 Qxd5 9. Nf4 Qa5+ 10. Bc3 Qf5 11. e3 Bf7 12. g4 Qd7 13. Bh3 Kb8 14. g5 Qd6 15. Nd2 e5 16. Ne4 Qa3 17. Nd3 exd4 18. exd4 Nxd4 19. O-O Nc6 20. Qe2 Nge7 21. gxf6 Nd5 22. fxg7 Rg8 23. Bb2 Qe7 24. Qg2 Bxg7 25. Bxg7 Bg6 26. Bf6 Nxf6 27. Nxf6 Qxf6 28. Nf4 Qxf4 0-1


[Site "https://www.chess.com"]

[Event "Titled Tuesday Blitz May 10 Early 2022"]
[White "Suleymanli, Suleyman"]
[Black "Maksimovic, Bojan"]
[WhiteFideId "13416375"]
[BlackFideId "14408120"]
[WhiteElo "1598"]
[BlackElo "2448"]
[Result "0-1"]
[Round "07"]
[TimeControl "180+1"]
[Date "2022.05.11"]
[WhiteClock "0:00:09"]
[BlackClock "0:00:07"]

1. Nf3 Nf6 2. d4 g6 3. g3 Bg7 4. Bg2 O-O 5. O-O d5 6. c4 dxc4 7. Na3 c3 8. bxc3 c5 9. Nc4 Nc6 10. Nce5 Nd5 11. Bb2 Nxe5 12. Nxe5 Bxe5 13. dxe5 Be6 14. c4 Nb6 15. Qxd8 Raxd8 16. Bxb7 Rd2 17. Ba3 Rb8 18. Bf3 Rc8 19. Bc1 Rd7 20. Bf4 Nxc4 21. Rfc1 Kg7 22. Rc2 Nb6 23. Rac1 c4 24. Be3 h6 25. Be4 Na4 26. f4 c3 27. Bd3 Rb8 28. a3 Bf5 29. Bxf5 gxf5 30. Kf2 Rb3 31. Ra1 Kf8 32. h3 h5 33. Rac1 e6 34. Ra1 Ke8 35. Rac1 Kd8 36. Ra1 Kc8 37. Kf3 Kb7 38. Kf2 Kc6 39. Kf3 Kb5 40. Rcc1 Kc4 41. Kf2 a6 42. Ke1 Rb2 43. Rab1 Kb3 44. Ra1 c2 45. Bd2 Nb6 46. a4 Nc4 47. a5 Rxd2 48. e4 fxe4 49. g4 hxg4 50. hxg4 e3 51. f5 Rf2 52. fxe6 fxe6 53. g5 Rg2 54. g6 Kc3 55. g7 Kd3 56. Kf1 Rxg7 57. Re1 Nd2# 0-1


[Site "https://www.chess.com"]

[Event "Titled Tuesday Blitz May 10 Early 2022"]
[White "Taichman, Ori"]
[Black "Rohith Krishna S"]
[WhiteFideId "2804069"]
[BlackFideId "46617051"]
[WhiteElo "2227"]
[BlackElo "2117"]
[Result "0-1"]
[Round "07"]
[TimeControl "180+1"]
[Date "2022.05.11"]
[WhiteClock "0:00:02"]
[BlackClock "0:01:04"]

1. e4 e6 2. d4 d5 3. Nc3 Nf6 4. Bg5 Bb4 5. e5 h6 6. Bd2 Nfd7 7. Qg4 Kf8 8. Ne4 Bxd2+ 9. Nxd2 c5 10. c3 Qb6 11. O-O-O Nc6 12. Ndf3 Qa5 13. Kb1 c4 14. Ne1 b5 15. a3 Qa4 16. Nc2 a5 17. Kc1 b4 18. axb4 axb4 19. Qf3 bxc3 20. bxc3 Qb3 21. Kd2 Ra2 22. Rc1 Na7 23. Be2 Nb5 24. Bd1 Nb6 25. Ne2 Na4 26. h4 h5 27. Rh3 Rh6 28. Rg3 Bd7 29. Qe3 Nb2 30. Qg5 Rg6 31. Qd8+ Be8 32. Rxg6 fxg6 33. Qb6 Nxd1 34. Qc5+ Kg8 35. Kxd1 Na3 36. Qc8 Nxc2 37. Qxe8+ Kh7 38. Nf4 Ne3+ 39. Ke1 Nxg2+ 40. Nxg2 Qb2 41. Qxg6+ Kxg6 42. Nf4+ Kf5 43. Nd3 Qe2# 0-1


[Site "https://www.chess.com"]

[Event "Titled Tuesday Blitz May 10 Early 2022"]
[White "Tanenbaum, Zachary"]
[Black "Priyanka, K"]
[WhiteFideId "2060850"]
[BlackFideId "5082986"]
[WhiteElo "2168"]
[BlackElo "1905"]
[Result "1-0"]
[Round "07"]
[TimeControl "180+1"]
[Date "2022.05.11"]
[WhiteClock "0:00:11"]
[BlackClock "0:00:03"]

1. e4 c5 2. Nf3 d6 3. d4 cxd4 4. Nxd4 Nf6 5. Nc3 a6 6. Be3 e5 7. Nb3 Be7 8. h3 h5 9. f4 Nc6 10. Qd2 b5 11. O-O-O Be6 12. f5 Bc4 13. Kb1 Rc8 14. Bg5 Na5 15. Bxf6 gxf6 16. Nxa5 Qxa5 17. Bxc4 Rxc4 18. Qd3 Rg8 19. g3 Kd7 20. Nd5 Bd8 21. Nxf6+ Bxf6 22. Qxd6+ Kc8 23. Qxf6 Qc7 24. c3 Rxg3 25. Qxa6+ Qb7 26. Rd8+ Kxd8 27. Qxb7 Rc7 28. Rd1+ 1-0


[Site "https://www.chess.com"]

[Event "Titled Tuesday Blitz May 10 Early 2022"]
[White "Tania, Sachdev"]
[Black "Melikhov, Evgeny V."]
[WhiteFideId "5007844"]
[BlackFideId "4122046"]
[WhiteElo "2280"]
[BlackElo "1931"]
[Result "1/2-1/2"]
[Round "07"]
[TimeControl "180+1"]
[Date "2022.05.11"]
[WhiteClock "0:00:13"]
[BlackClock "0:00:20"]

1. d4 Nf6 2. c4 e6 3. Nf3 d5 4. Nc3 Bb4 5. Bg5 h6 6. Bxf6 Qxf6 7. Rc1 dxc4 8. e3 b5 9. Be2 O-O 10. O-O a6 11. a4 c6 12. Ne5 Bd6 13. f4 Bxe5 14. fxe5 Qe7 15. Ne4 Nd7 16. Bf3 Nb6 17. Nd6 Nd5 18. Qd2 f6 19. e4 Nb6 20. Nxc8 Raxc8 21. exf6 Qxf6 22. a5 Nd7 23. b3 cxb3 24. e5 Qe7 25. Bxc6 Rxf1+ 26. Kxf1 Qa3 27. d5 Nxe5 28. Re1 Nxc6 29. dxc6 b2 30. c7 Qa1 31. Qd8+ Kh7 32. Qxc8 Qxe1+ 33. Kxe1 b1=Q+ 34. Kf2 Qc2+ 35. Kf1 Qd3+ 36. Ke1 Qe3+ 37. Kf1 Qd3+ 38. Ke1 Qe3+ 39. Kf1 Qd3+ 1/2-1/2


[Site "https://www.chess.com"]

[Event "Titled Tuesday Blitz May 10 Early 2022"]
[White "Terry, Renato"]
[Black "Nenezic, Marko"]
[WhiteFideId "3803457"]
[BlackFideId "912123"]
[WhiteElo "2577"]
[BlackElo "2457"]
[Result "1-0"]
[Round "07"]
[TimeControl "180+1"]
[Date "2022.05.10"]
[WhiteClock "0:00:03"]
[BlackClock "0:00:02"]

1. e4 c5 2. Nf3 d6 3. Bb5+ Bd7 4. Bxd7+ Qxd7 5. O-O Nf6 6. Re1 Nc6 7. c3 e6 8. d4 cxd4 9. cxd4 d5 10. e5 Ne4 11. a3 Be7 12. Qd3 O-O 13. Nbd2 Nxd2 14. Bxd2 Rfc8 15. h4 h6 16. g4 Bf8 17. h5 Ne7 18. Kh2 Rc4 19. b3 Rc7 20. Rg1 Qc6 21. Rac1 Qb6 22. Nh4 Rxc1 23. Bxc1 Nc6 24. Nf3 Ne7 25. Nh4 Nc6 26. Be3 Bxa3 27. f4 Be7 28. g5 Nb4 29. Qd1 hxg5 30. fxg5 Rc8 31. Rg2 Qb5 32. Rd2 Rc3 33. Ng2 Rd3 34. Qf1 a6 35. g6 f6 36. exf6 Bxf6 37. Qf4 Qe8 38. Rf2 e5 39. Qg4 exd4 40. Bg5 Be5+ 41. Bf4 Nc6 42. Qf5 Re3 43. h6 gxh6 44. Kg1 Bxf4 45. Rxf4 Re5 46. Qc2 Re4 47. Rf7 Qe6 48. Qf2 Qf6 49. Rxf6 1-0


[Site "https://www.chess.com"]

[Event "Titled Tuesday Blitz May 10 Early 2022"]
[White "Thomas, Anysia"]
[Black "Broca Jimenez, Fernando"]
[WhiteFideId "670472"]
[BlackFideId "5104742"]
[WhiteElo "2002"]
[BlackElo "2062"]
[Result "1-0"]
[Round "07"]
[TimeControl "180+1"]
[Date "2022.05.11"]
[WhiteClock "0:00:12"]
[BlackClock "0:00:05"]

1. d4 Nf6 2. c4 g6 3. Nc3 Bg7 4. e4 d6 5. Nf3 O-O 6. h3 e5 7. d5 a5 8. Be3 Na6 9. g4 c5 10. Be2 Bd7 11. Nd2 Re8 12. h4 Rb8 13. g5 Nh5 14. Bxh5 gxh5 15. Qxh5 Nc7 16. a4 Na6 17. Qe2 Nb4 18. Rc1 f5 19. gxf6 Qxf6 20. Bg5 Qf7 21. Rg1 Kh8 22. h5 Rg8 23. Nf1 Rbf8 24. Ne3 Bf6 25. Bxf6+ Qxf6 26. Rxg8+ Rxg8 27. Kd2 Qf4 28. Rh1 Rg2 29. Nd1 Bg4 30. Qf1 Bf3 31. Rh3 Qxe4 32. h6 Rg6 33. Rg3 Rxg3 34. fxg3 Na2 35. Qh3 1-0


[Site "https://www.chess.com"]

[Event "Titled Tuesday Blitz May 10 Early 2022"]
[White "Tomaszewski, Kacper"]
[Black "Polster, Christian"]
[WhiteFideId "1127373"]
[BlackFideId "12965081"]
[WhiteElo "2153"]
[BlackElo "2281"]
[Result "1-0"]
[Round "07"]
[TimeControl "180+1"]
[Date "2022.05.11"]
[WhiteClock "0:01:37"]
[BlackClock "0:01:26"]

1. e4 c5 2. Nf3 d6 3. Bb5+ Bd7 4. c4 Nf6 5. Nc3 g6 6. O-O Bg7 7. d4 cxd4 8. Nxd4 O-O 9. Bxd7 Qxd7 10. Be3 Nc6 11. f3 Rfc8 12. b3 Nxd4 13. Bxd4 Qd8 14. Rc1 Nd7 15. Bxg7 Kxg7 16. Qd4+ Kg8 17. Nd5 e6 18. Ne3 Qb6 19. Rfd1 Rc6 20. Kf2 Qxd4 21. Rxd4 Kf8 22. Rcd1 Ke7 23. g4 a5 24. h4 a4 25. b4 a3 26. b5 Rb6 27. Nc2 Ra4 28. f4 e5 29. fxe5 Nxe5 30. Ne3 Ke6 31. Nd5 Nxg4+ 32. Kg3 1-0


[Site "https://www.chess.com"]

[Event "Titled Tuesday Blitz May 10 Early 2022"]
[White "Turutin, Alexander"]
[Black "Namitbir Singh Walia"]
[WhiteFideId "4180623"]
[BlackFideId "35071068"]
[WhiteElo "2402"]
[BlackElo "1565"]
[Result "0-1"]
[Round "07"]
[TimeControl "180+1"]
[Date "2022.05.11"]
[WhiteClock "0:00:04"]
[BlackClock "0:00:43"]

1. e4 e5 2. Nf3 Nc6 3. Bb5 a6 4. Ba4 Nf6 5. O-O Be7 6. Re1 b5 7. Bb3 d6 8. c3 O-O 9. h3 Nb8 10. d4 Nbd7 11. Nbd2 Bb7 12. a4 c5 13. d5 c4 14. Bc2 Nc5 15. Nf1 Re8 16. Ng3 g6 17. Be3 Bf8 18. Ra3 Nfd7 19. Qe2 Nb6 20. axb5 axb5 21. Rea1 Rxa3 22. Rxa3 Nba4 23. Bxa4 Nxa4 24. h4 Bc8 25. Bg5 Be7 26. Qe3 Bg4 27. Nh2 Bd7 28. Qd2 f6 29. Be3 f5 30. exf5 gxf5 31. Bg5 f4 32. Ne4 Bf5 33. Qe2 Bxe4 34. Bxe7 Qxe7 35. Qxe4 Qxh4 36. Nf3 Qh5 37. Ra1 Kh8 38. Re1 Rg8 0-1


[Site "https://www.chess.com"]

[Event "Titled Tuesday Blitz May 10 Early 2022"]
[White "Vasquez Schroeder, Rodrigo"]
[Black "Sokolovsky, Yahli"]
[WhiteFideId "3400042"]
[BlackFideId "2820242"]
[WhiteElo "2567"]
[BlackElo "1770"]
[Result "1-0"]
[Round "07"]
[TimeControl "180+1"]
[Date "2022.05.10"]
[WhiteClock "0:00:51"]
[BlackClock "0:00:03"]

1. e4 g6 2. d4 Bg7 3. Nf3 d6 4. Bc4 e6 5. Bb3 Nf6 6. Nbd2 O-O 7. O-O Nc6 8. c3 e5 9. dxe5 dxe5 10. Qe2 Qe7 11. Nc4 Be6 12. Bg5 h6 13. Bxf6 Bxf6 14. Rfd1 Rfd8 15. Ne3 Rxd1+ 16. Rxd1 Rd8 17. Bxe6 Rxd1+ 18. Qxd1 Qxe6 19. Nd5 Qd6 20. Qb3 b6 21. Qa4 Ne7 22. Nxf6+ Qxf6 23. Qxa7 Qf4 24. h3 Qc1+ 25. Kh2 Qf4+ 26. Kh1 Qc1+ 27. Ng1 Qxb2 28. Qxc7 Qa3 29. Qxb6 Kg7 30. Qb4 Qa7 31. Nf3 Ng8 32. Kg1 Qxa2 33. Nxe5 Qe2 34. Qd4 Kf8 35. Nf3 Qa2 36. g3 Qb1+ 37. Kg2 Qb3 38. Ne5 Qe6 39. c4 Nf6 40. c5 Ke7 41. g4 Ne8 42. Nd3 Nf6 43. f3 Nd7 44. Nf4 Qa2+ 45. Kg3 Qb1 46. Nd5+ Kd8 47. Qh8+ 1-0


[Site "https://www.chess.com"]

[Event "Titled Tuesday Blitz May 10 Early 2022"]
[White "Vifleemskaia, Svetlana"]
[Black "Cramling Bellon, Anna"]
[WhiteFideId "4129490"]
[BlackFideId "32009232"]
[WhiteElo "1929"]
[BlackElo "1905"]
[Result "1-0"]
[Round "07"]
[TimeControl "180+1"]
[Date "2022.05.11"]
[WhiteClock "0:00:11"]
[BlackClock "0:00:08"]

1. d4 Nf6 2. c4 e6 3. Nc3 Bb4 4. e3 b6 5. Ne2 Bb7 6. a3 Bxc3+ 7. Nxc3 d5 8. cxd5 exd5 9. Bd3 Nbd7 10. O-O O-O 11. b4 c5 12. bxc5 bxc5 13. Rb1 Bc6 14. Bd2 Rb8 15. Qc2 Qe7 16. a4 Rfc8 17. h3 cxd4 18. exd4 Nb6 19. Bf4 Bxa4 20. Qa2 Rxc3 21. Bxb8 Rxd3 22. Rxb6 axb6 23. Qxa4 h6 24. Qb5 Rxd4 25. Qxb6 Rb4 26. Bd6 Rxb6 27. Bxe7 Ne4 28. Rd1 Nc3 29. Rd3 d4 30. Bc5 Rb1+ 31. Kh2 Rd1 32. Rxd1 Nxd1 33. Bxd4 Kf8 34. Kg1 Ke7 35. Kf1 Ke6 36. Ke2 Kd5 37. Bxg7 Nxf2 38. Kxf2 f5 39. Bxh6 Ke4 40. h4 f4 41. h5 Kf5 42. Kf3 Kf6 43. Bxf4 Kf7 44. g4 Kg8 45. g5 Kh7 46. Kg4 Kh8 47. Kf5 Kh7 48. g6+ Kh8 49. h6 Kg8 50. h7+ Kg7 51. Be5+ Kh6 52. h8=Q# 1-0


[Site "https://www.chess.com"]

[Event "Titled Tuesday Blitz May 10 Early 2022"]
[White "Visakh N R"]
[Black "Bluebaum, Matthias"]
[WhiteFideId "25012223"]
[BlackFideId "24651516"]
[WhiteElo "2448"]
[BlackElo "2556"]
[Result "1/2-1/2"]
[Round "07"]
[TimeControl "180+1"]
[Date "2022.05.10"]
[WhiteClock "0:00:10"]
[BlackClock "0:00:12"]

1. e4 c6 2. d4 d5 3. f3 e6 4. Be3 Qb6 5. Qc1 Nd7 6. c3 c5 7. Nd2 cxd4 8. Bxd4 Qc6 9. exd5 Qxd5 10. Bc4 Qg5 11. Kf1 Ngf6 12. Ne2 Bc5 13. Nb3 Qxc1+ 14. Rxc1 Bxd4 15. Nbxd4 a6 16. Bd3 b5 17. Kf2 Bb7 18. Rhd1 Ke7 19. c4 bxc4 20. Bxc4 Rhc8 21. Nb3 Ne5 22. Na5 Bd5 23. Bxd5 Nxd5 24. Nc3 Nxc3 25. Rxc3 Rxc3 26. bxc3 Rc8 27. f4 Ng4+ 28. Kg3 Ne3 29. Rd3 Nd5 30. c4 Nf6 31. Ra3 Ne4+ 32. Kf3 Nd6 33. Ra4 Rc5 34. g3 h5 35. Ke2 g5 36. fxg5 Rxg5 37. Nb3 h4 38. c5 Nf5 39. g4 Nh6 40. h3 f5 41. c6 Kd6 42. Rc4 Kc7 43. Nc5 Rg6 44. Nxa6+ Kc8 45. c7 e5 46. Nb4 fxg4 47. Nd5 Nf5 48. Rb4 Nd4+ 49. Rxd4 exd4 50. Ne7+ Kxc7 51. Nxg6 gxh3 52. Kf2 d3 53. Nf4 d2 54. Nd5+ Kd6 55. Ne3 Kc5 56. Kg1 Kd4 57. Nd1 Kd3 58. Kh2 Kc2 59. Nf2 Kc3 60. Kxh3 Kb4 61. Kxh4 Ka3 62. Kg3 d1=Q 63. Nxd1 Kxa2 1/2-1/2


[Site "https://www.chess.com"]

[Event "Titled Tuesday Blitz May 10 Early 2022"]
[White "Vlassov, Nikolai"]
[Black "Manukian, Artak"]
[WhiteFideId "4103360"]
[BlackFideId "13301373"]
[WhiteElo "2407"]
[BlackElo "2402"]
[Result "1/2-1/2"]
[Round "07"]
[TimeControl "180+1"]
[Date "2022.05.11"]
[WhiteClock "0:00:17"]
[BlackClock "0:00:08"]

1. e4 c6 2. d4 d5 3. e5 Bf5 4. Nc3 e6 5. g4 Bg6 6. Nge2 c5 7. Be3 Nc6 8. dxc5 Nxe5 9. Nf4 a6 10. Qe2 d4 11. O-O-O Bxc5 12. h4 Rc8 13. h5 Qb6 14. Na4 d3 15. Nxb6 dxe2 16. Nxc8 exd1=Q+ 17. Kxd1 Be4 18. Bg2 Bxe3 19. fxe3 Bxg2 20. Nxg2 Kd7 21. Nb6+ Kc6 22. Na4 Nxg4 23. Ke2 N8f6 24. Nf4 Rd8 25. Nc3 b5 26. a3 a5 27. Rg1 b4 28. axb4 axb4 29. Na2 Kb5 30. Nc1 g5 31. hxg6 hxg6 32. Nb3 Ne5 33. Nd4+ Kb6 34. Rf1 Ne4 35. Ke1 Nc4 36. Ng2 f5 37. b3 Na3 38. Rh1 e5 39. Nf3 Nxc2+ 40. Kf1 Rd1+ 41. Nge1 Ng3+ 42. Kg2 Nxh1 43. Nxc2 Rc1 44. Nxb4 Kb5 45. Nd5 e4 46. Nh4 f4 47. exf4 e3 48. Nxe3 Rc3 49. Nd5 Rd3 50. Nc7+ Kc6 51. Ne6 Ng3 52. Nxg6 Nf5 53. Ne5+ Kd5 54. Nxd3 Kxe6 55. Kf3 Nd4+ 56. Ke4 Nxb3 57. f5+ Kf6 58. Kf4 Nd4 59. Nc5 Nxf5 1/2-1/2


[Site "https://www.chess.com"]

[Event "Titled Tuesday Blitz May 10 Early 2022"]
[White "Vovk, Orest"]
[Black "Rahman, Adel"]
[WhiteFideId "14113490"]
[BlackFideId "14204177"]
[WhiteElo "2203"]
[BlackElo "2175"]
[Result "1-0"]
[Round "07"]
[TimeControl "180+1"]
[Date "2022.05.11"]
[WhiteClock "0:01:05"]
[BlackClock "0:00:13"]

1. h4 c5 2. h5 h6 3. Nc3 d5 4. e4 d4 5. Nce2 d3 6. Ng3 dxc2 7. Qxc2 Nc6 8. Bb5 Qb6 9. a4 a6 10. Bc4 Nd4 11. Qc3 Nf6 12. Nf3 Nxf3+ 13. Qxf3 Be6 14. b3 O-O-O 15. O-O Rg8 16. d3 g6 17. hxg6 Rxg6 18. Bf4 Nd7 19. a5 Qc6 20. Qe3 f6 21. f3 Bxc4 22. bxc4 e5 23. Nf5 exf4 24. Qxf4 Ne5 25. Rab1 Rxd3 26. Rb6 Qc7 27. Nh4 Rg8 28. Qxf6 Nd7 29. Qe6 Rg5 30. Rfb1 Qf4 31. Qe8+ Kc7 32. Rxb7+ Kd6 33. Rxd7+ Kc6 34. Rb6# 1-0


[Site "https://www.chess.com"]

[Event "Titled Tuesday Blitz May 10 Early 2022"]
[White "Vusatiuk, Vladimir"]
[Black "Legenia, Artem"]
[WhiteFideId "14118610"]
[BlackFideId "14136945"]
[WhiteElo "2157"]
[BlackElo "1936"]
[Result "1-0"]
[Round "07"]
[TimeControl "180+1"]
[Date "2022.05.11"]
[WhiteClock "0:00:17"]
[BlackClock "0:00:18"]

1. d4 d5 2. c4 e6 3. Nc3 c6 4. Nf3 Nf6 5. Bg5 dxc4 6. e4 b5 7. e5 h6 8. Bh4 g5 9. Nxg5 hxg5 10. Bxg5 Be7 11. exf6 Bxf6 12. Be3 Nd7 13. g3 Nb6 14. Bg2 Nd5 15. Ne4 Be7 16. O-O Qb6 17. Qe2 Bb7 18. a4 O-O-O 19. axb5 cxb5 20. Rfc1 Kb8 21. Nc5 Nxe3 22. Bxb7 Bxc5 23. dxc5 Qxb7 24. Qxe3 a6 25. Qf4+ Ka7 26. b3 Rh3 27. bxc4 Rdh8 28. cxb5 Qd5 29. Qc7+ Ka8 30. Rxa6# 1-0


[Site "https://www.chess.com"]

[Event "Titled Tuesday Blitz May 10 Early 2022"]
[White "Wagh Suyog"]
[Black "Melian, Juan Sebastian"]
[WhiteFideId "25071688"]
[BlackFideId "3706575"]
[WhiteElo "2181"]
[BlackElo "1851"]
[Result "1-0"]
[Round "07"]
[TimeControl "180+1"]
[Date "2022.05.11"]
[WhiteClock "0:00:08"]
[BlackClock "0:00:02"]

1. e4 c5 2. Nf3 e6 3. d4 cxd4 4. Nxd4 a6 5. c4 Qc7 6. Nc3 Nf6 7. Be3 d6 8. Be2 Nbd7 9. O-O b6 10. Rc1 Bb7 11. f3 Rc8 12. Re1 Be7 13. Bf1 O-O 14. Qd2 Rfe8 15. Qf2 Qb8 16. Kh1 Ba8 17. Red1 Bf8 18. a3 d5 19. cxd5 exd5 20. Bxa6 dxe4 21. Bxc8 exf3 22. Bxd7 fxg2+ 23. Kg1 Bd6 24. Nc6 Bxc6 25. Bxc6 Ng4 26. Kxg2 Nxf2 27. Bxe8 Nxd1 28. Rxd1 Qa8+ 29. Rd5 g6 30. Bb5 Qb8 31. Bg1 Qc7 32. Be2 h5 33. Nb5 Qc6 34. Bf3 Qc2+ 35. Kh1 Bc5 36. Nd4 Qxb2 37. a4 Qa2 38. Rd8+ Kh7 39. Bc6 Qa3 40. Rd7 Kh6 41. Bb5 Qc1 42. Nf3 Qa3 43. Rd3 Qc1 44. Kg2 g5 45. Bxc5 bxc5 46. Rd6+ Kg7 47. Rd5 g4 48. Nd2 Kh6 49. Ne4 Qc2+ 50. Nd2 f5 51. Kf2 f4 52. Rd6+ Kg5 53. Be2 Kh4 54. Rd5 f3 55. Bf1 Qc3 56. Ne4 Qb2+ 57. Kg1 Qf6 58. Ng3 Qg7 59. Rxh5# 1-0


[Site "https://www.chess.com"]

[Event "Titled Tuesday Blitz May 10 Early 2022"]
[White "Wagner, Dennis"]
[Black "Shimanov, Aleksandr"]
[WhiteFideId "24650684"]
[BlackFideId "4198603"]
[WhiteElo "2355"]
[BlackElo "2605"]
[Result "0-1"]
[Round "07"]
[TimeControl "180+1"]
[Date "2022.05.10"]
[WhiteClock "0:00:03"]
[BlackClock "0:00:18"]

1. d4 d5 2. c4 c6 3. Nc3 Nf6 4. e3 a6 5. Nf3 b5 6. b3 Bf5 7. Be2 h6 8. O-O e6 9. a4 b4 10. Na2 a5 11. Bb2 Nbd7 12. Nc1 Bd6 13. Nd3 O-O 14. Rc1 dxc4 15. Rxc4 Be4 16. Nfe5 Bd5 17. Rc1 Qb6 18. Nc4 Bxc4 19. Rxc4 Rac8 20. Qc2 Qb8 21. g3 Nb6 22. Rxc6 Rxc6 23. Qxc6 Rc8 24. Qb5 Rc2 25. Bd1 Rd2 26. Bc1 Ra2 27. Bf3 Nbd5 28. e4 Nc3 29. Qxb8+ Bxb8 30. Re1 Ba7 31. d5 Nd7 32. dxe6 fxe6 33. Bg4 Kf7 34. Be3 Bxe3 35. Rxe3 Ra1+ 36. Kg2 Rb1 37. Rf3+ Ke7 38. e5 Rxb3 39. Bh5 Ra3 40. Rf7+ Kd8 41. Bg4 Nxa4 42. Nf4 Nxe5 43. Nxe6+ Ke8 44. Rxg7 Nxg4 45. Nc7+ Kd8 46. Ne6+ Kc8 47. Rxg4 b3 48. Rg7 b2 49. Rc7+ Kb8 50. Rd7 b1=Q 51. Nd8 Qe4+ 52. Kh3 Qf5+ 53. Kh4 Qxd7 0-1


[Site "https://www.chess.com"]

[Event "Titled Tuesday Blitz May 10 Early 2022"]
[White "Xiong, Jeffery"]
[Black "Yilmaz, Mustafa"]
[WhiteFideId "2047640"]
[BlackFideId "6302718"]
[WhiteElo "2727"]
[BlackElo "2568"]
[Result "1/2-1/2"]
[Round "07"]
[TimeControl "180+1"]
[Date "2022.05.10"]
[WhiteClock "0:00:07"]
[BlackClock "0:00:14"]

1. e4 c5 2. Nf3 d6 3. Nc3 Nf6 4. d4 cxd4 5. Qxd4 Nc6 6. Qd3 g6 7. Nd5 Bg7 8. c3 O-O 9. Bg5 Nxd5 10. exd5 Bf5 11. Qd2 Ne5 12. Nxe5 Bxe5 13. Be2 Bf6 14. Be3 a6 15. a4 b5 16. O-O Rb8 17. axb5 axb5 18. Ra7 Re8 19. Rfa1 e6 20. dxe6 Bxe6 21. Bf3 d5 22. h3 Re7 23. Rxe7 Qxe7 24. Ra7 Qd8 25. Bc5 Ra8 26. Rxa8 Qxa8 27. Qf4 Bg7 28. Kh2 h5 29. Be2 Qb7 30. Qd6 Kh7 31. Bd3 Bd7 32. Qe7 Kg8 33. Qd8+ Kh7 34. Qe7 Kg8 35. Bd6 Qc6 36. Be5 Be6 37. Qd8+ Kh7 38. Bxg7 Kxg7 39. Qb8 Bd7 40. Qe5+ Kf8 41. Be2 f6 42. Qb8+ Ke7 43. Qg8 Bf5 44. Bf3 Qd6+ 45. Kg1 d4 46. Qg7+ Kd8 47. cxd4 Qxd4 48. Qf8+ Kd7 49. Qf7+ Kd8 50. Qf8+ Kd7 51. b4 Qa1+ 52. Kh2 Qe5+ 53. g3 Qd4 54. Qf7+ Kd8 55. Qg8+ Ke7 56. Qg7+ Kd8 57. Qf8+ Kd7 58. Kg1 Qa1+ 59. Kg2 Qd4 60. Qf7+ Kd8 61. Qf8+ Kd7 62. Qg7+ Kd8 63. Qg8+ Ke7 64. Qg7+ Kd8 65. Qf8+ Kd7 1/2-1/2


[Site "https://www.chess.com"]